cohdb
Replays
Latest Replays
All Replays
Popular Replays
Top Player Replays
Match Explorer
How It Works
Community
CoH3 Stats
Reddit
Sign in to upload your games and track your stats! →
Sign in with Steam
Match 46671265
Unlisted
Match 46671265
Overview
Messages
Build Orders
End
Panzergrenadier Squad
250 Light Carrier
Panzergrenadier Squad
Construct Light Support Kompanie
Selects Armored Support Battlegroup
Selects Salvage Kits
Combat Half-tracks
250 Light Carrier
MG34 Team
Panzerjäger Mechanized Group
Construct Mechanized Kompanie
254 Reconnaissance Tractor
Marder III Tank Destroyer
2.5-tonne Medical Truck
Fire Support Elements
Flakvierling Half-track
MG34 Team
追坦克的喵
哎呀妈呀
Miaxdch
ProxyFox
Ghost
aSIIDemolitionHammer
0
0
Comments
sign in to comment!
No comments posted yet!